 Dungeon Crawl Stone Soup version 0.27.0-1-g7a089689b8 (webtiles) character file.

Game seed: 5677827603837546263

7 sanka the Magician (level 2, 0/13 HPs)
             Began as a Vine Stalker Hedge Wizard on Aug 1, 2021.
             Slain by a quokka (2 damage)
             ... on level 1 of the Dungeon.
             The game lasted 00:00:54 (222 turns).

sanka the Magician (Vine Stalker Hedge Wizard)       Turns: 222, Time: 00:00:55

Health: 0/13       AC:  2    Str: 12    XL:     2   Next: 4%
Magic:  0/7        EV: 12    Int: 14    God:
Gold:   12         SH:  0    Dex: 13    Spells: 7/8 levels left

rFire    . . .     SeeInvis .   a - +0 dagger
rCold    . . .     Faith    .   (no shield)
rNeg     . . .     Spirit   +   b - +0 robe
rPois    .         Reflect  .   c - +0 hat
rElec    .         Harm     .   (no cloak)
rCorr    .         Rampage  .   (no gloves)
Will     .....                  (no boots)
Stlth    ++........             (no amulet)
HPRegen  0.04/turn              (no ring)
MPRegen  0.10/turn              (no ring)

@: no status effects
A: fangs 2, magic shield, antimagic bite, no potion heal 2
a: no special abilities


You were on level 1 of the Dungeon.
You visited 1 branch of the dungeon, and saw 1 of its levels.

You collected 12 gold pieces.


Innate Abilities, Weirdness & Mutations

You have extremely sharp teeth.
When hurt, damage is shared between your health and your magic reserves.
Your bite disrupts and absorbs the magic of your enemies.
Potions cannot restore your health.


   Skills:
 - Level 1.5 Dodging
 - Level 2.4 Stealth
 + Level 3.5 Spellcasting
 - Level 1.0 Conjurations
 + Level 1.5 Summonings
 - Level 1.0 Translocations


You had 7 spell levels left.
You knew the following spells:

 Your Spells              Type           Power      Damage    Failure   Level
z - Magic Dart            Conj           20%        1d4       14%         1

Your spell library contained the following spells:

 Spells                   Type           Power      Damage    Failure   Level
 Call Imp                 Summ           6%         N/A       16%         2
 Blink                    Tloc           N/A        N/A       21%         2
 Slow                     Hex            2%         N/A       30%         2
 Conjure Flame            Conj/Fire      3%         6-21      45%         3
 Mephitic Cloud           Conj/Pois/Air  3%         N/A       47%         3

Inventory:

Hand Weapons
 a - a +0 dagger (weapon)
Armour
 b - a +0 robe (worn)
 c - a +0 hat (worn)
Potions
 d - a potion of haste {unknown}

Dungeon Overview and Level Annotations

Branches:
Dungeon (1/15)

Altars:

Shops:
D:1

* ▒▒▒▒▒▒▒▒▒ ▒▒▒▒▒▒ ▒▒▒▒▒▒▒▒▒
▒.......▒ ..... ........▒
▒.▒▒▒▒▒.▒ ....▒▒▒▒▒▒▒▒▒▒.▒▒▒▒▒
▒.▒ ▒.▒ ........▒▒.........▒
▒.▒▒▒▒▒.. ...........▒.....▒.▒▒
▒....▒▒..
........▒▒▒▒........▒▒▒▒▒.....▒..
.........).....rf.▒.............▒
........▒▒▒.........▒▒▒▒▒.....▒.▒
........▒ ▒........▒▒ ▒.......▒
........▒ ▒▒▒▒▒▒▒▒.▒ ▒.......▒
.......r▒ ▒...▒ ▒▒....▒▒.
........▒▒▒ ▒.▒.▒ ▒..▒..▒.
..........▒ ▒.▒.▒ ......▒.
....▒▒....▒▒ ▒.▒.▒ ▒▒...▒.▒.
..∩.▒......▒ ▒.▒.▒


You could see a quokka.


Message History

The quokka is moderately wounded.
The quokka bites you.
* * * LOW HITPOINT WARNING * * *
You barely miss the quokka. Your bite misses the quokka.
The quokka is moderately wounded.
The quokka bites you.
* * * LOW HITPOINT WARNING * * *
You barely miss the quokka. Your bite misses the quokka.
The quokka is moderately wounded.
The quokka bites you. The quokka bites you.
* * * LOW HITPOINT WARNING * * *
You closely miss the quokka.
The quokka is moderately wounded.
The quokka barely misses you.
You hit the quokka but do no damage.
The quokka is moderately wounded.
The quokka barely misses you.
You closely miss the quokka.
The quokka is moderately wounded.
The quokka bites you.
* * * LOW HITPOINT WARNING * * *
You barely miss the quokka.
The quokka is moderately wounded.
The quokka barely misses you. The quokka bites you. The quokka bites you.
You die...

Action                   || total
-------------------------++-------
Melee: Dagger            ||    17
       Bite              ||     4
 Cast: Magic Dart        ||    10
Armor: Robe              ||     2
Dodge: Dodged            ||    13

Levels and vault maps discovered:
D:1:      arrival_aquarium_a, layout_loops_ring, basic_ecumenical_altar,
          serial_shops, shop, minmay_pentomino_o4

Notes
Turn   | Place    | Note
-------+----------+-------------------------------------------
     0 | D:1      | sanka the Vine Stalker Hedge Wizard began the quest for the
                  | Orb.
     0 | D:1      | Reached XP level 1. HP: 9/9 MP: 5/5
    10 | D:1      | Noticed an electric eel
   154 | D:1      | Found Ocwuquete's General Store.
   207 | D:1      | Reached XP level 2. HP: 7/13 MP: 4/7
   215 | D:1      | HP: 1/13 [quokka (2)]
   222 | D:1      | Slain by a quokka

Vanquished Creatures
  A dart slug (D:1)
  An endoplasm (D:1)
  2 kobolds (D:1)
  A ball python (D:1)
5 creatures vanquished.
